 Dungeon Crawl Stone Soup version 0.17-a0-128-g90bd1c5 (webtiles) character file.

289 Tabbe the Stinger (level 6, -2/36 HPs)
             Began as an Octopode Venom Mage on Mar 23, 2015.
             Was a Believer of Vehumet.
             Slain by Menkaure (21 damage)
             ... on level 4 of the Dungeon.
             The game lasted 00:08:44 (3719 turns).

Tabbe the Stinger (Octopode Venom Mage)             Turns: 3719, Time: 00:08:44

Health: -2/36      AC:  1    Str:  7    XL:     6   Next: 31%
Magic:  17/22      EV: 12    Int: 19    God:    Vehumet [**....]
Gold:   181        SH:  0    Dex: 13    Spells: 5 memorised, 4 levels left

rFire  . . .     SeeInvis .     (no weapon)
rCold  . . .     Clarity  .     (no shield)
rNeg   . . .     SustAb   .     (helmet restricted)
rPois  .         Gourm    .     (no amulet)
rElec  .         Spirit   .     j - ring of magical power
rCorr  .         Warding  .     (no ring)
rMut   .         Stasis   .     (no ring)
MR     .....                    (no ring)
Stlth  ++++......               (no ring)
                                (no ring)
                                (no ring)
                                (no ring)

@: very slightly contaminated, not resistant to hostile enchantments, stealthy
A: almost no armour, amphibious, 8 rings, constrict 8, camouflage 1, gelatinous
body 1
a: Renounce Religion


You were on level 4 of the Dungeon.
You worshipped Vehumet.
Vehumet was pleased with you.
You were not hungry.

You visited 1 branch of the dungeon, and saw 4 of its levels.

You collected 181 gold pieces.

Inventory:

Hand weapons
 d - a +2 dagger of flaming
Jewellery
 j - a ring of magical power (left tentacle)
Scrolls
 a - 3 scrolls of teleportation {unknown}
 e - 2 scrolls of enchant armour {unknown}
 h - a scroll of random uselessness {unknown}
 o - a scroll of identify {unknown}
Potions
 f - a potion of might
 g - 2 potions of heal wounds
 i - a potion of brilliance {unknown}
 l - 2 potions of curing
 p - a potion of degeneration {unknown}
 r - a potion of haste {unknown}
Books
 b - a Young Poisoner's Handbook

   Spells                             Type                      Level
   a - Sting                          Conjuration/Poison           1
   b - Cure Poison                    Poison                       2
   c - Mephitic Cloud                 Conjuration/Poison/Air       3
   d - Olgreb's Toxic Radiance        Poison                       4
   e - Venom Bolt                     Conjuration/Poison           5
 n - a book of Fire

   Spells                             Type                      Level
   a - Ignite Poison                  Fire/Transmutation           5
   b - Fireball                       Conjuration/Fire             5
   c - Bolt of Fire                   Conjuration/Fire             6
   d - Delayed Fireball               Conjuration/Fire             7
   e - Ring of Flames                 Charms/Fire                  7
Comestibles
 c - 2 bread rations
 k - 2 chunks of flesh
 m - a meat ration
 q - a slice of pizza


   Skills:
 - Level 2.0 Dodging
 + Level 5.5 Stealth
 + Level 3.8 Spellcasting
 + Level 1.9 Conjurations
 + Level 0.0 Fire Magic
 - Level 5.9 Poison Magic


You had 4 spell levels left.
You knew the following spells:

 Your Spells              Type           Power        Failure   Level  Hunger
a - Sting                 Conj/Pois      ###.         3%          1    None
b - Mephitic Cloud        Conj/Pois/Air  ##......     14%         3    ###....
c - Magic Dart            Conj           ##..         10%         1    None
d - Cure Poison           Pois           ####......   1%          2    ##.....
e - Flame Tongue          Conj/Fire      #....        12%         1    None


Dungeon Overview and Level Annotations

Branches:
Dungeon (4/15)
 Temple: D:4-7

Altars:
Ashenzari
Cheibriados
Fedhas
Vehumet

Annotations:
D:3 Tabbe's ghost, average DrTm
D:4 Menkaure


Innate Abilities, Weirdness & Mutations

You cannot wear most types of armour.
You are amphibious.
You can wear up to eight rings at the same time.
You can use your tentacles to constrict many enemies at once.
Your skin changes colour to match your surroundings (Stealth).
Your rubbery body absorbs attacks (AC +1).


Message History

You closely miss Menkaure. Your grab misses Menkaure.
Menkaure is lightly damaged.
Casting: Flame Tongue
Confirm with . or Enter, or press ? or * to list all spells.
Aiming: Flame Tongue
Press: ? - help, Shift-Dir - straight line, f/p - Menkaure
Aim: Menkaure (lightly damaged)
The flame tongue hits Menkaure.
Menkaure appears unharmed.
Menkaure is lightly damaged.
Menkaure barely misses you.
Casting: Flame Tongue
Confirm with . or Enter, or press ? or * to list all spells.
Aiming: Flame Tongue
Press: ? - help, Shift-Dir - straight line, f/p - Menkaure
Aim: Menkaure (lightly damaged)
The flame tongue hits Menkaure.
Menkaure is burned terribly!
Menkaure is moderately damaged.
Menkaure hits you!!
Ouch! That really hurt!
You die...

.####....### .# .#..# .#
##. .# .# #.. .# #.#
.########+# .# #†#
..........####
.###.###..##.........#
....>...........M..#.#
####.####..#.#.#@..#.#
##.## #..#.........#######
#...###..#.†.#.............
#.....†..........#.###
#...###..#.###..##.# #####
#..)........<#
##.#####..#### #........#
########.#


You could see Menkaure.

Vanquished Creatures
  An ogre (D:4)
  A hound (D:4)
  A worker ant (D:4)
  Ijyb (D:4)
  Robin (D:2)
  3 adders (D:2)
  A giant mite (D:2)
  A worm (D:2)
  2 giant geckos
  6 bats
  3 giant cockroaches (D:1)
  14 goblins
  10 hobgoblins
  18 jackals
  3 giant newts
  9 kobolds
  8 rats
83 creatures vanquished.

Notes
Turn   | Place    | Note
--------------------------------------------------------------
     0 | D:1      | Tabbe, the Octopode Venom Mage, began the quest for the Orb.
     0 | D:1      | Reached XP level 1. HP: 11/11 MP: 3/3
   304 | D:1      | Reached XP level 2. HP: 17/17 MP: 0/4
   452 | D:1      | Reached skill level 5 in Poison Magic
   965 | D:1      | Reached XP level 3. HP: 21/21 MP: 3/6
  1592 | D:2      | Found a shattered altar of Ashenzari.
  1600 | D:2      | Found a radiant altar of Vehumet.
  1634 | D:2      | Found a blossoming altar of Fedhas.
  1643 | D:2      | Became a worshipper of Vehumet
  1761 | D:2      | Noticed Robin
  1798 | D:2      | Killed Robin
  1798 | D:2      | Reached XP level 4. HP: 19/27 MP: 0/8
  2368 | D:2      | Acquired Vehumet's first power
  2368 | D:2      | Offered knowledge of Magic Dart by Vehumet.
  2374 | D:2      | Learned a level 3 spell: Mephitic Cloud
  2376 | D:2      | Learned a level 1 spell: Magic Dart
  2413 | D:2      | Learned a level 2 spell: Cure Poison
  2777 | D:3      | Found a snail-covered altar of Cheibriados.
  2928 | D:3      | Reached XP level 5. HP: 29/31 MP: 1/11
  3221 | D:3      | Noticed Tabbe's ghost (average DrTm)
  3372 | D:4      | Noticed an ogre
  3483 | D:4      | Killed an ogre
  3483 | D:4      | Reached skill level 5 in Stealth
  3483 | D:4      | Reached skill level 1 in Conjurations
  3558 | D:4      | Noticed Ijyb
  3572 | D:4      | Killed Ijyb
  3572 | D:4      | Reached XP level 6. HP: 36/36 MP: 13/13
  3650 | D:4      | Offered knowledge of Flame Tongue by Vehumet.
  3657 | D:4      | Learned a level 1 spell: Flame Tongue
  3696 | D:4      | Noticed Menkaure
  3719 | D:4      | Slain by Menkaure

Action                   |  1- 3 |  4- 6 || total
-------------------------+-------+-------++-------
Melee: Unarmed           |    39 |    30 ||    69
 Cast: Sting             |    58 |    90 ||   148
       Cure Poison       |       |     1 ||     1
       Flame Tongue      |       |     5 ||     5
  Use: Potion            |     3 |     1 ||     4
  Eat: Chunk             |     2 |     7 ||     9
